 Dungeon Crawl Stone Soup version 0.17.2-1-ge4368a0 (console) character file.

74 Goblin1989 the Changer (level 4, -2/28 HPs)
             Began as an Octopode Transmuter on Dec 4, 2016.
             Slain by a gnoll
             ... wielding a cursed -1 spear
              (10 damage)
             ... on level 2 of the Dungeon.
             The game lasted 00:08:50 (2409 turns).

Goblin1989 the Changer (Octopode Transmuter)        Turns: 2409, Time: 00:08:51

Health: -2/28      AC:  0    Str: 10    XL:     4   Next: 28%
Magic:  4/7        EV: 19    Int: 15    God:
Gold:   25         SH:  0    Dex: 17    Spells: 3 memorised, 1 level left

rFire  . . .     SeeInvis .       - Unarmed
rCold  . . .     Clarity  .     (shield currently unavailable)
rNeg   . . .     SustAt   .     (helmet currently unavailable)
rPois  x         Gourm    .     (no amulet)
rElec  .         Spirit   .     d - -2 ring of protection (curse)
rCorr  .         Warding  .     (no ring)
rMut   .         Stasis   .     (no ring)
MR     .....                    (no ring)
Stlth  ++........               (no ring)
                                (no ring)
                                (no ring)
                                (no ring)

@: spider-form, not resistant to hostile enchantments, unstealthy
A: almost no armour, amphibious, 8 rings, (constrict 8), (camouflage 0),
(gelatinous body 0)
a: End Transformation


You were on level 2 of the Dungeon.
You were hungry.
You were a venomous arachnid creature.
You visited 1 branch of the dungeon, and saw 2 of its levels.

You collected 25 gold pieces.

Inventory:

Missiles
 a - 57 arrows
 e - 16 arrows of frost
Jewellery
 d - a cursed -2 ring of protection (left front leg)
Scrolls
 f - 4 scrolls of remove curse {unknown}
 h - 4 scrolls of identify {unknown}
 j - a scroll of magic mapping {unknown}
 k - a scroll of teleportation {unknown}
 m - a scroll of immolation {unknown}
Potions
 g - a potion of curing {unknown}
 i - a potion of ambrosia {unknown}
Books
 b - a book of Changes

   Spells                             Type                      Level
   a - Beastly Appendage              Transmutation                1
   b - Sticks to Snakes               Transmutation                2
   c - Spider Form                    Transmutation/Poison         3
   d - Ice Form                       Ice/Transmutation            4
   e - Blade Hands                    Transmutation                5
Comestibles
 c - 2 bread rations {@e1}
 l - a meat ration {@e2}


   Skills:
 - Level 1.0 Fighting
 - Level 2.0 Dodging
 - Level 3.0 Unarmed Combat
 - Level 2.0 Spellcasting
 + Level 4.4 Transmutations


You had one spell level left.
You knew the following spells:

 Your Spells              Type           Power        Failure   Level  Hunger
a - Beastly Appendage     Trmt           ##....       14%         1    #......
b - Spider Form           Trmt/Pois      #.........   52%         3    ###....
c - Sticks to Snakes      Trmt           ##........   21%         2    ###....


Dungeon Overview and Level Annotations

Branches:
Dungeon (2/15)

Altars:


Innate Abilities, Weirdness & Mutations

You cannot wear most types of armour.
You are amphibious.
You can wear up to eight rings at the same time.
((You can use your tentacles to constrict eight enemies at once.))
((Your skin changes colour to match your surroundings (Stealth).))
((Your rubbery body absorbs attacks (AC +1).))


Message History

Unknown command.
The gnoll closely misses you. The gnoll hits you but does no damage.
You bite the gnoll!
The gnoll is heavily wounded.
The gnoll completely misses you. The gnoll hits you with a spear!
You take 12 damage, and have 16/28 hp.
MASSIVE DAMAGE!!
You hit the gnoll.
The gnoll is poisoned.
The gnoll is severely wounded.
The gnoll misses you. The gnoll barely misses you.
You hit the gnoll but do no damage.
The gnoll is severely wounded.
The gnoll hits you from afar with a spear. x2
* * * LOW HITPOINT WARNING * * *
The gnoll completely misses you.
You take 8 damage, and have 8/28 hp.
MASSIVE DAMAGE!!
You hit the gnoll.
The gnoll looks even sicker.
The gnoll is almost dead.
You kill the gnoll!
The gnoll hits you from afar with a spear!
You die...

...........█ █<......█.███.█.████
...).......█ █████████.█ █.█.....
...........█ █....█.█ █.██████
...........██ █.██.█.███.█.....
............█████.██.█...█.█.████
...(........█.....██.█.█.█.█.█
████........(.██████.█...█.█.█
....((.....>..██████.███.█...█
.............gg)s....█ █.█████
████(......█..g████..█ █.███
█.......█...██ █..█ █...█
█.......██...█ █..███.███
█.......██.█.█ █..[...█
█.......██.█.███.██████
█.......██....██.█
█.......███.█.██.█


████████ █.......█ █...██.█ █......█ You could see 3 gnolls.

Vanquished Creatures
  A gnoll (D:2)
  An adder (D:2)
  2 worms
  A giant gecko (D:1)
  4 bats
  A giant cockroach (D:1)
  8 hobgoblins
  2 quokkas (D:2)
  A giant newt (D:1)
  11 goblins
  7 kobolds
  7 rats
46 creatures vanquished.

Notes
Turn   | Place    | Note
--------------------------------------------------------------
     0 | D:1      | Goblin1989 the Octopode Transmuter began the quest for the Orb.
     0 | D:1      | Reached XP level 1. HP: 13/13 MP: 3/3
   407 | D:1      | Reached XP level 2. HP: 18/18 MP: 3/5
   670 | D:1      | Reached XP level 3. HP: 19/23 MP: 4/6
   692 | D:1      | Learned a level 3 spell: Spider Form
  1431 | D:2      | Reached skill level 4 in Transmutations
  1435 | D:2      | Learned a level 2 spell: Sticks to Snakes
  1996 | D:2      | Reached XP level 4. HP: 6/28 MP: 3/7
  2409 | D:2      | Slain by a gnoll

Action                   |  1- 3 |  4- 6 || total
-------------------------+-------+-------++-------
Melee: Unarmed           |    93 |    12 ||   105
 Cast: Beastly Appendage |    12 |       ||    12
       Spider Form       |     3 |     3 ||     6
       Sticks to Snakes  |       |     1 ||     1
 Stab: Sleeping          |     9 |       ||     9
  Eat: Bread ration      |     1 |       ||     1
       Chunk             |     1 |       ||     1

Vault maps used:
D:1:      lemuel_arrival_funnel
